 Dungeon Crawl Stone Soup version 0.21-a0-591-g2314aa1 (webtiles) character file.

190 mopl the Gusty (level 5, -7/38 HPs)
             Began as a Draconian Air Elementalist on Dec 22, 2017.
             Mangled by an ogre
             ... wielding a +0 giant club
              (32 damage)
             ... on level 4 of the Dungeon.
             The game lasted 00:04:55 (1875 turns).

mopl the Gusty (Draconian Air Elementalist)         Turns: 1875, Time: 00:04:55

Health: -7/38      AC:  5    Str: 11    XL:     5   Next: 41%
Magic:  1/19       EV: 12    Int: 16    God:
Gold:   84         SH:  0    Dex: 11    Spells: 2/10 levels left

rFire    . . .     SeeInvis .   d - -3 spear (curse)
rCold    . . .     Gourm    .   (no shield)
rNeg     . . .     Faith    .   (armour unavailable)
rPois    .         Spirit   .   (helmet restricted)
rElec    .         Reflect  .   (no cloak)
rCorr    .         Harm     .   (no gloves)
MR       .....                  (no boots)
Stlth    +++.......             (no amulet)
HPRegen  0.12/turn              g - ring of magical power
MPRegen  0.16/turn              k - ring of stealth

@: no status effects
A: unfitting armour, cold-blooded, AC +5
a: no special abilities


You were on level 4 of the Dungeon.
You were very hungry.

You visited 1 branch of the dungeon, and saw 4 of its levels.

You collected 84 gold pieces.

Inventory:

Hand Weapons
 d - a cursed -3 spear (weapon)
Jewellery
 g - a ring of magical power (left hand)
 k - a ring of stealth (right hand)
Scrolls
 c - a scroll of teleportation {unknown}
 f - a scroll of enchant weapon {unknown}
 h - a scroll of fear {unknown}
Potions
 e - a potion of agility {unknown}
 i - 2 potions of lignification {unknown}
 l - a potion of flight {unknown}
 m - a potion of magic {unknown}
Books
 a - a book of Air

   Spells                             Type                      Level
   a - Shock                          Conjuration/Air              1
   b - Swiftness                      Charms/Air                   2
   c - Static Discharge               Conjuration/Air              3
   d - Airstrike                      Air                          4
   e - Lightning Bolt                 Conjuration/Air              5
Comestibles
 b - 2 rations
 j - a chunk of flesh


   Skills:
 - Level 1.7 Dodging
 - Level 1.7 Stealth
 + Level 3.4 Spellcasting
 + Level 3.1 Conjurations
 + Level 4.3 Air Magic


You had 2 spell levels left.
You knew the following spells:

 Your Spells              Type           Power        Failure   Level  Hunger
a - Shock                 Conj/Air       ##..         3%          1    None
b - Static Discharge      Conj/Air       ##......     12%         3    ###....
f - Airstrike             Air            ###.......   30%         4    ####...


Dungeon Overview and Level Annotations

Branches:
Dungeon (4/15)
 Temple: D:4-7

Altars:
Sif Muna

Annotations:
D:3 Purgy


Innate Abilities, Weirdness & Mutations

Your plain brown scales are hard. (AC +5)
You cannot fit into any form of body armour.
You are cold-blooded and may be slowed by cold attacks.


Message History

The ogre is struck by lightning.
The ogre is lightly wounded.
The lightning grounds out.
You are feeling very hungry.
The ogre barely misses you.
Casting: Static Discharge
Confirm with . or Enter, or press ? or * to list all spells.
The ogre is struck by lightning.
The ogre is moderately wounded.
The lightning arcs!
The orc is struck by lightning.
The orc is severely wounded.
The lightning grounds out.
The ogre closely misses you.
Casting: Static Discharge
Confirm with . or Enter, or press ? or * to list all spells.
The ogre is struck by lightning.
The ogre is heavily wounded.
The lightning arcs!
You are struck by lightning.
The lightning grounds out.
The ogre hits you with a giant club!!
Ouch! That really hurt!
You die...

###
#######################.#
#...............@Oo...).#
#.#####################.#
#.# #.# #.# #S# #.# #.#
#.#### #o# #....#
#..?o...o.# .....#
#..........# #....#
#..........#


You could see an ogre and an orc.

Vanquished Creatures
  An orc priest (D:4)
  A gnoll shaman (D:4)
  Natasha (D:2)
  2 adders
  4 gnolls (D:4)
  A dart slug (D:1)
  A leopard gecko (D:2)
  An orc (D:4)
  A ball python (D:1)
  2 giant cockroaches
  4 goblins (D:1)
  4 hobgoblins (D:1)
  4 jackals (D:2)
  A quokka (D:2)
  6 bats (D:1)
  5 frilled lizards
  7 kobolds
  5 rats
51 creatures vanquished.

Notes
Turn   | Place    | Note
-------+----------+-------------------------------------------
     0 | D:1      | mopl the Draconian Air Elementalist began the quest for the Orb.
     0 | D:1      | Reached XP level 1. HP: 14/14 MP: 3/3
    86 | D:1      | Reached XP level 2. HP: 4/20 MP: 0/5
   998 | D:1      | Reached XP level 3. HP: 26/26 MP: 6/6
  1003 | D:1      | Learned a level 3 spell: Static Discharge
  1318 | D:2      | Reached skill level 2 in Conjurations
  1421 | D:2      | Noticed Natasha
  1448 | D:2      | Killed Natasha
  1448 | D:2      | Reached XP level 4. HP: 22/33 MP: 7/8
  1463 | D:2      | Learned a level 4 spell: Airstrike
  1482 | D:2      | Found a deep blue altar of Sif Muna.
  1569 | D:2      | You fall through a shaft for 2 floors!
  1585 | D:3      | Noticed Purgy
  1595 | D:4      | Reached skill level 3 in Spellcasting
  1604 | D:4      | Reached skill level 4 in Air Magic
  1607 | D:4      | Reached XP level 5. HP: 13/38 MP: 1/9
  1849 | D:4      | Noticed an ogre
  1864 | D:4      | Reached skill level 3 in Conjurations
  1875 | D:4      | Mangled by an ogre

Vault maps used:
D:1:      onia_arrival_handbag
D:2:      yredelemnul_forgotten_temple_becter, serial_co_window_serial,
          co_window_cross_1, co_window_paths_a, co_window_paths_b,
          co_window_of_opportunity_a, co_window_of_opportunity_a,
          co_window_2corner, co_window_corner_b, co_window_of_opportunity_c,
          glass_columns_a, glass_columns_b, led_sif_pool, uniq_natasha
D:3:      chequers_ecumenical_altar_island, uniq_purgy
D:4:      first_ration, sigmund_army

Skill      XL: |  1  2  3  4  5 |
---------------+----------------+-----
Conjurations   | 2 3 |  3.1
Spellcasting   | 3 |  3.4
Air Magic      | 4 |  4.3
Dodging        | |  1.7
Stealth        | |  1.7

Action                   |  1- 3 |  4- 6 || total
-------------------------+-------+-------++-------
Melee: Spear             |    45 |       ||    45
       Unarmed           |     7 |       ||     7
       Tailslap          |     6 |       ||     6
 Cast: Shock             |    65 |    28 ||    93
       Static Discharge  |       |     6 ||     6
 Stab: Sleeping          |     1 |       ||     1
  Eat: Chunk             |     2 |     1 ||     3
Armor: Skin              |    60 |       ||    60
Dodge: Dodged            |    82 |    10 ||    92

Table legend:
 A = Spawn XP
 B = Non-spawn XP
 C = Spawn XP percentage of total XP
 D = Spawn monster count
 E = Non-spawn monster count
 F = Spawn count percentage of total count
 G = Total turns spent on level
                    A         B        C        D         E        F      G
               +---------+---------+-------+---------+---------+-------+---------
         Total |       0 |     272 |   0.0 |       0 |      51 |   0.0 |  1875
               +---------+---------+-------+---------+---------+-------+---------
           D:1 |       0 |      41 |   0.0 |       0 |      26 |   0.0 |  1092
           D:2 |       0 |      76 |   0.0 |       0 |      16 |   0.0 |   477
           D:4 |       0 |     155 |   0.0 |       0 |       9 |   0.0 |   304
               +---------+---------+-------+---------+---------+-------+---------
